 Dungeon Crawl Stone Soup version 0.23-a0-270-gab6feb3dfb (webtiles) character file.

523938 Mesh the Imperceptible (level 24, -13/141 HPs)
             Began as a Spriggan Enchanter on Sept 30, 2018.
             Was a High Priest of Dithmenos.
             Mangled by an Orb Guardian (15 damage)
             ... on level 5 of the Realm of Zot on Oct 1, 2018.
             The game lasted 05:37:54 (81263 turns).

Mesh the Imperceptible (Spriggan Enchanter)        Turns: 81263, Time: 05:37:54

Health: -13/141    AC:  9    Str: 11    XL:     24   Next: 20%
Magic:  49/52      EV: 38    Int: 21    God:    Dithmenos [*****.]
Gold:   3463       SH:  0    Dex: 23    Spells: 50/71 levels left

rFire    + + .     SeeInvis +   N - +9 quick blade (protect)
rCold    + . .     Gourm    .   (shield restricted)
rNeg     + + +     Faith    .   e - +2 robe {rC+ rF+}
rPois    ∞         Spirit   .   u - +1 hat of Biawiun {rElec Regen+}
rElec    +         Reflect  .   v - +2 cloak {+Inv}
rCorr    .         Harm     .   (gloves unavailable)
MR       +++++                  (boots unavailable)
Stlth    ++++++++++             U - amulet of regeneration
HPRegen  1.13/turn              E - ring of protection from fire
MPRegen  0.33/turn              z - ring of protection from magic

@: agile, about to teleport, shadow-form (expiring), wreathed by umbra, heavily
drained, invisible (expiring), very quick
A: very small, unfitting armour, rugged brown scales 1, see invisible, clever 1,
herbivore, speed 3, slow metabolism 2
0: Orb of Zot
}: 3/15 runes: decaying, serpentine, abyssal
a: End Transformation, Shadow Step, Shadow Form, Renounce Religion, Evoke
Invisibility


You were on level 5 of the Realm of Zot.
You worshipped Dithmenos.
Dithmenos was extremely pleased with you.
You were very full.
You were a swirling mass of dark shadows.
You visited 10 branches of the dungeon, and saw 49 of its levels.
You visited the Abyss 1 time.
You also visited: Labyrinth and Trove.

You collected 5598 gold pieces.
You spent 2135 gold pieces at shops.

Inventory:

Hand Weapons
 N - a +9 quick blade of protection (weapon)
 O - a +9 rapier of piercing
Missiles
 G - 5 throwing nets (quivered)
Armour
 e - a +2 robe of resistance (worn)
 t - a +2 cloak of magic resistance
 u - the +1 hat of Biawiun (worn) {rElec Regen+}
   (You found it in a treasure trove)

   It insulates you from electricity.
   It increases your rate of regeneration.
 v - a +2 cloak of invisibility (worn)
Jewellery
 p - a +1 ring of evasion
 z - a ring of protection from magic (right hand)
 E - a ring of protection from fire (left hand)
 U - an amulet of regeneration (around neck)
Wands
 j - a wand of clouds (4)
 m - a wand of polymorph (14)
 r - a wand of digging (44)
 y - a wand of disintegration (13)
 L - a wand of acid (20)
 R - a wand of paralysis (20)
 S - a wand of iceblast (25)
Scrolls
 b - 6 scrolls of blinking
 c - 2 scrolls of amnesia
 i - 6 scrolls of fear
 l - 16 scrolls of remove curse
 s - 19 scrolls of fog
 w - 19 scrolls of teleportation
 x - 4 scrolls of vulnerability
 B - a scroll of summoning
 D - 4 scrolls of enchant armour
 H - a scroll of immolation
 I - 21 scrolls of identify
 P - a scroll of silence
 Q - a scroll of holy word
Potions
 a - 2 potions of heal wounds
 f - 3 potions of agility
 g - 7 potions of curing
 h - 4 potions of ambrosia
 k - a potion of resistance
 n - 5 potions of cancellation
 o - 5 potions of magic
 q - 10 potions of flight
 C - a potion of might
 F - a potion of haste
 J - 6 potions of brilliance
 K - 2 potions of mutation
 M - a potion of invisibility
Miscellaneous
 A - 3 phantom mirrors
 W - a lamp of fire
Comestibles
 d - 19 rations


   Skills:
 - Level 17.9(14.2) Fighting
 - Level 14.0(10.6) Short Blades
 - Level 18.0(14.3) Dodging
 - Level 25.0(20.8) Stealth
 - Level 24.0(19.9) Spellcasting
 - Level 19.0(15.3) Hexes
 + Level 8.9(5.9) Invocations
 - Level 8.0(5.1) Evocations


You had 50 spell levels left.
You knew the following spells:

 Your Spells              Type           Power        Failure   Level  Hunger
a - Ensorcelled Hibernat  Hex/Ice        ##....       1%          2    None
b - Corona                Hex            ###....      0%          1    None
c - Confuse               Hex            ###.....     0%          3    None
d - Tukima's Dance        Hex            ###.....     0%          3    None
e - Dazzling Spray        Conj/Hex       ##....       1%          3    None
f - Summon Mana Viper     Hex/Summ       ##......     2%          5    None
g - Cause Fear            Hex            ###.......   1%          4    None

Your spell library contained the following spells:

 Spells                   Type           Power        Failure   Level  Hunger
 Confusing Touch          Hex            ###...       0%          1    None
 Slow                     Hex            ###.....     0%          2    None
 Inner Flame              Hex/Fire       ##......     1%          3    None
 Portal Projectile        Hex/Tloc       ##....       1%          3    None
 Leda's Liquefaction      Hex/Erth       ##........   1%          4    None
 Animate Skeleton         Necr           N/A          2%          1    None
 Apportation              Tloc           #.....       2%          1    None
 Flame Tongue             Conj/Fire      #....        2%          1    None
 Pain                     Necr           #...         2%          1    None
 Sandblast                Erth           #.....       2%          1    None
 Summon Small Mammal      Summ           #...         2%          1    None
 Metabolic Englaciation   Hex/Ice        ##........   2%          5    None
 Yara's Violent Unravell  Hex/Tmut       ##........   2%          5    None
 Blink                    Tloc           N/A          3%          2    None
 Passwall                 Tmut/Erth      #.......     3%          2    None
 Shroud of Golubria       Chrm/Tloc      #.........   3%          2    None
 Throw Flame              Conj/Fire      #.....       3%          2    None
 Conjure Flame            Conj/Fire      #.......     7%          3    None
 Gell's Gravitas          Tloc           #.........   7%          3    None
 Lesser Beckoning         Tloc           #.........   7%          3    None
 Recall                   Summ/Tloc      N/A          7%          3    None
 Regeneration             Chrm/Necr      #.........   7%          3    None
 Stone Arrow              Conj/Erth      #.....       7%          3    None
 Teleport Other           Tloc           #.......     7%          3    None
 Vampiric Draining        Necr           #.........   7%          3    None
 Animate Dead             Necr           N/A          24%         4    None
 Ice Form                 Ice/Tmut       #.......     24%         4    None
 Petrify                  Tmut/Erth      #.......     24%         4    None
 Sticky Flame             Conj/Fire      #.......     24%         4    None
 Aura of Abjuration       Summ           #.........   54%         5    None
 Bolt of Magma            Conj/Fire/Erth #.........   54%         5    None
 Borgnjor's Vile Clutch   Necr/Erth      #.........   54%         5    None
 Fireball                 Conj/Fire      #.........   54%         5    None
 Irradiate                Conj/Tmut      #.........   54%         5    None
 Iskenderun's Battlesphe  Conj/Chrm      #.......     54%         5    None
 Lee's Rapid Deconstruct  Erth           #.........   54%         5    None
 Summon Demon             Summ           #.........   54%         5    None
 Summon Forest            Summ/Tloc      #.........   54%         5    None
 Venom Bolt               Conj/Pois      #.........   54%         5    None
 Bolt of Cold             Conj/Ice       #.........   98%         6    ####...
 Death Channel            Necr           #.........   98%         6    ####...
 Freezing Cloud           Conj/Ice/Air   #.........   98%         6    ####...
 Hydra Form               Tmut           #.........   98%         6    ####...
 Iron Shot                Conj/Erth      #.........   98%         6    ####...
 Ozocubu's Refrigeration  Ice            #.........   98%         6    ####...
 Shadow Creatures         Summ           N/A          98%         6    ####...
 Simulacrum               Ice/Necr       #.........   98%         6    ####...
 Statue Form              Tmut/Erth      #........    98%         6    ####...
 Dragon Form              Tmut           #.........   100%        7    #####..
 Haunt                    Necr/Summ      #.........   100%        7    #####..
 Orb of Destruction       Conj           #.........   100%        7    #####..
 Spellforged Servitor     Conj/Summ      #.........   100%        7    #####..
 Borgnjor's Revivificati  Necr           #.........   100%        8    #######
 Death's Door             Chrm/Necr      #.........   100%        8    #######
 Infestation              Necr           #.........   100%        8    #######
 Necromutation            Tmut/Necr      #.........   100%        8    #######
 Passage of Golubria      Tloc           Unusable     N/A         4    N/A

Dungeon Overview and Level Annotations

Branches:
Dungeon (15/15)            Temple (1/1) D:6            Lair (6/6) D:8
  Swamp (4/4) Lair:2        Snake (4/4) Lair:2        Slime (0/5) Lair:5
    Orc (2/2) D:10            Elf (3/3) Orc:2        Vaults (4/5) D:13
  Crypt (0/3) Vaults:3     Depths (5/5) D:15            Zot (5/5) Depths:5

Altars:
Ashenzari
Cheibriados
Dithmenos
Fedhas
Gozag
Hepliaklqana
Makhleb
Nemelex Xobeh
Okawaru
Qazlal
Ru
Trog
Uskayaw
Vehumet
Wu Jian
Xom
Yredelemnul
Zin
The Shining One
Beogh
Lugonu

Shops:
D:11 ?   D:13 *   Orc:2 }?[[   Elf:1 (   Elf:3 !%[[(?=   Snake:3 }**[
Snake:4 (}   Vaults:1 }   Vaults:2 =   Vaults:4 %

Portals:
Hell: Depths:1 Depths:2 Depths:3 Depths:4 Depths:5
Abyss: Depths:1 Depths:4
Pandemonium: Depths:3
Ziggurat: Depths:4

Annotations:
Snake:1 exclusion: Roxanne, Roxanne
Snake:2 1 runed door, P0WERM0DE's ghost, journeyman MiCK
Elf:3 1 exclusion
Depths:5 1 runed door
Zot:5 exclusion: obsidian statue


Innate Abilities, Weirdness & Mutations

You are very small and have problems with some larger weapons.
You are too small for most types of armour.
You have supernaturally acute eyesight. (SInv)
You are a herbivore.
You cover ground extremely quickly.
You need to consume almost no food.
You are partially covered in rugged brown scales. (AC +1, +3% HP)
Your mind is acute. (Int +2)


Message History

The electric golem shocks you. You resist.
* * * LOW HITPOINT WARNING * * *
You emit a cloud of dark smoke.
You feel drained.
The electric golem completely misses you. x2
You feel much better. The Orb Guardian barely misses you.
The Orb Guardian completely misses you. The Orb Guardian hits you!!!
* * * LOW HITPOINT WARNING * * *
You emit a cloud of dark smoke.
You feel drained.
The electric golem blinks!
The Orb Guardian hits you!!
* * * LOW HITPOINT WARNING * * *
You emit a cloud of dark smoke.
You feel drained.
You feel much better. The Orb Guardian hits you!!
* * * LOW HITPOINT WARNING * * *
You emit a cloud of dark smoke.
You feel drained. The Orb Guardian misses you. The Orb Guardian hits you!!
* * * LOW HITPOINT WARNING * * *
You emit a cloud of dark smoke.
You feel drained. The Orb Guardian hits you!!!
* * * LOW HITPOINT WARNING * * *
You emit a cloud of dark smoke.
You feel drained. The Orb Guardian hits you!!
You die...

▓▓▓▓▓▓▓ ▓▓▓▓......
▓▓▓......... ▓▓...........
▓▓▓▓▓▓▓▓▓ ▓.....*......
▓▓...XXWX▓▓▓..(..(...... .
▓▓..§§XXXX§▓▓............
..X.▓§.§.§X§X8§.▓X...........
....X)§§§§§§§§§§§.....§^......
.....▓..§§§X§§§§§▓............
.... ▓▓§§§§§§.§.▓▓...^........
... ▓▓§§§.§§.▓▓▓.....^...X..
.. ▓▓▓▓▓▓▓▓▓ #............ .
##...........


You could see an electric golem and 9 Orb Guardians.

Vanquished Creatures
  An orb of fire (Zot:1)
  An ancient lich (Zot:5)
  Mara (Vaults:3)
  Vashnia (Snake:4)
  the Lernaean hydra (Swamp:4)
  2 caustic shrikes
  6 golden dragons
  The ghost of grizmgrazm2 the Warrior, an adept OgTm of Cheibriados (Elf:3)
  5 tentacled monstrosities
  4 liches
  Rupert (Lair:6)
  Asterion (Vaults:3)
  A deep elf blademaster (Elf:2)
  A titan (Depths:1)
  2 quicksilver dragons (Zot:5)
  4 sphinxes
  Frances (D:14)
  A tentacled starspawn (Abyss:3)
  2 thorn hunters
  Gastronok (Lair:3)
  Kirke (Lair:5)
  A revenant (Vaults:3)
  A tengu reaver (Depths:4)
  A draconian monk (Zot:1)
  7 nagarajas
  3 storm dragons
  8 fire giants
  Louise (D:14)
  An iron dragon (Depths:2)
  7 vault wardens
  5 draconian knights
  An orc warlord (Orc:1)
  4 draconian scorchers
  A ghost moth (Zot:2)
  A draconian shifter (Zot:1)
  2 deep elf sorcerers
  A ghoul (Vaults:4)
  12 frost giants
  2 deep elf elementalists
  2 draconian stormcallers
  A caustic shrike zombie (Depths:1)
  10 ironheart preservers
  9 very ugly things
  The ghost of Xaanotaja the Severer, a journeyman DDFi of Cheibriados (Snake:3)
  2 spriggan defenders
  A reaper (Abyss:1)
  16 stone giants
  A starcursed mass (Abyss:3)
  3 black draconians (Depths:5)
  6 vampire knights
  7 green draconians
  4 spark wasps
  A minotaur (Lab)
  2 deep elf annihilators
  The ghost of P0WERM0DE the Champion of Chaos, a journeyman DDFi of Makhleb (Snake:1)
  A dire elephant (Lair:6)
  2 purple draconians
  3 white draconians
  3 yellow draconians
  7 red draconians
  7 ettins
  A quicksilver dragon zombie (Depths:4)
  13 yaktaur captains
  11 fire dragons
  6 great orbs of eyes
  A deep elf high priest (Elf:1)
  Fannar (D:12)
  22 hydras
  7 naga warriors
  Harold (Lair:1)
  11 ice dragons
  6 ogre magi
  7 rakshasas
  A catoblepas (Lair:6)
  3 shambling mangroves
  4 vault guards
  2 death knights (Vaults:4)
  A spriggan air mage (Depths:3)
  9 anacondas
  2 hell beasts
  10 centaur warriors
  23 two-headed ogres
  3 merfolk avatars (Swamp:4)
  A two-headed ogre (shapeshifter) (Vaults:3)
  24 dancing weapons
  An anaconda (shapeshifter) (D:15)
  5 deep troll earth magi
  12 alligators
  A vampire mage (Depths:4)
  11 death yaks
  4 spriggan berserkers
  3 orc high priests (Orc:2)
  2 thrashing horrors (Abyss:3)
  6 deep troll shamans
  5 tengu warriors
  14 naga sharpshooters
  3 spriggans
  A shock serpent (shapeshifter) (D:15)
  20 deep elf knights
  Urug (Lair:3)
  13 shock serpents
  15 skeletal warriors
  2 shadow wraiths
  3 iron trolls (Depths:3)
  A fire crab (shapeshifter) (Vaults:3)
  A salamander mystic (Snake:4)
  9 swamp dragons
  2 spriggan druids (Swamp:4)
  11 hell knights
  4 unseen horrors
  A wretched star (Abyss:3)
  6 flayed ghosts
  3 sea snakes
  17 deep trolls
  24 deep elf archers
  7 naga ritualists
  A golden dragon skeleton (Depths:4)
  7 wizards
  9 harpies
  10 mana vipers
  12 ironbrand convokers
  5 phantasmal warriors
  13 orc knights
  63 deep elf magi
  10 necromancers
  4 wolf spiders
  3 manticores
  7 orc sorcerers
  An oklob plant (Lair:1)
  A large abomination (Abyss:2)
  9 salamanders
  9 cyclopes
  49 black mambas
  2 moths of wrath
  13 elephants
  10 vault sentinels
  19 ugly things
  An apocalypse crab (Abyss:3)
  A rust devil (Depths:1)
  A black mamba (shapeshifter) (Vaults:3)
  A guardian serpent (Snake:3)
  14 naga magi
  2 smoke demons
  A rime drake (shapeshifter) (Vaults:2)
  A gargoyle (D:11)
  13 spiny frogs
  3 centaur skeletons (D:13)
  A minotaur zombie (Lab)
  2 komodo dragons (shapeshifter)
  6 komodo dragons
  5 rime drakes
  A yaktaur skeleton (Vaults:3)
  2 efreet
  37 yaktaurs
  9 freezing wraiths
  4 tengu conjurers
  An ancient zyme (Abyss:3)
  A hellwing (Depths:3)
  A troll (shapeshifter) (Vaults:3)
  A merfolk (shapeshifter) (Depths:4)
  A red devil (Depths:1)
  A harpy zombie (D:14)
  An elf skeleton (Depths:4)
  2 trolls
  A meliai (D:13)
  A hornet (shapeshifter) (Vaults:3)
  A sphinx simulacrum (Vaults:1)
  19 hornets
  A tengu simulacrum (Depths:4)
  3 polar bears
  A wind drake (shapeshifter) (Vaults:4)
  28 slime creatures
  6 tyrant leeches
  14 bog bodies
  A snapping turtle (shapeshifter) (Depths:5)
  7 dream sheep (Lair:6)
  20 blink frogs
  A blink frog (shapeshifter) (Vaults:1)
  A meliai zombie (D:13)
  12 hippogriffs
  5 small abominations
  5 wraiths
  A centaur simulacrum (D:12)
  6 water elementals
  2 shadows
  A tarantella (shapeshifter) (Depths:4)
  2 fire elementals
  16 humans (D:13)
  44 yaks
  14 wyverns
  6 basilisks
  Grum (D:10)
  2 neqoxecs (Depths:3)
  A golden eye (shapeshifter) (Depths:1)
  26 vampire mosquitoes
  A warg (shapeshifter) (D:15)
  5 hungry ghosts
  52 nagas
  4 wargs
  A soldier ant (D:12)
  2 acid dragons
  A soldier ant (shapeshifter) (D:15)
  A floating eye (Depths:5)
  18 swamp worms
  18 water moccasins
  2 hell hounds (Lair:5)
  7 porcupines
  2 black bears
  35 orc warriors
  20 swamp drakes
  An ice beast (D:10)
  4 sky beasts
  2 phantoms
  An ettin simulacrum (Vaults:3)
  10 centaurs
  32 ogres
  13 boggarts
  43 wolves
  5 crocodiles
  A big kobold (D:5)
  20 bullfrogs
  2 human zombies (Vaults:3)
  3 earth elementals
  4 gnoll sergeants
  3 human simulacra
  A glowing shapeshifter simulacrum (Vaults:2)
  A wyvern zombie (D:13)
  A scorpion (shapeshifter) (D:15)
  3 scorpions
  7 wights
  5 howler monkeys
  4 electric eels
  5 crimson imps
  7 centaur zombies
  8 hounds
  15 jellies
  2 quasits
  3 bullfrog zombies
  23 orc priests
  Crazy Yiuf (D:2)
  4 bullfrog skeletons
  An iron imp (Abyss:2)
  21 orc wizards
  Jessica (D:2)
  An iguana (D:11)
  2 hell rats (D:8)
  9 worker ants
  A killer bee zombie (D:7)
  A polar bear simulacrum (Lair:6)
  2 yak simulacra (Lair:6)
  5 wolf simulacra (Lair:6)
  3 hound zombies
  A mummy (D:8)
  Robin (D:1)
  13 gnolls
  A howler monkey skeleton (D:5)
  12 adders
  A river rat (D:8)
  2 shadow imps
  An ooze (Lair:5)
  2 adder skeletons
  An adder zombie (D:7)
  4 worms
  2 dart slugs
  7 leopard geckos
  83 orcs
  6 giant cockroaches
  15 goblins
  13 hobgoblins
  5 jackals
  3 quokkas
  4 ball pythons
  6 bats
  3 frilled lizards
  2 jackal skeletons
  10 kobolds
  A leopard gecko skeleton (D:4)
  A quokka zombie (D:8)
  9 rats
  3 river rat simulacra (Lair:6)
  A fungus (Lair:5)
  A lurking horror (Abyss:3)
  A plant (Lair:1)
1851 creatures vanquished.

Vanquished Creatures (collateral kills)
  A golden dragon (Depths:5)
  2 tentacled monstrosities
  An Orb Guardian (Zot:5)
  A lich (Depths:2)
  2 thorn hunters (Swamp:4)
  An iron dragon (Depths:5)
  A nagaraja (Snake:4)
  A frost giant (Depths:5)
  A stone giant (Depths:4)
  A spriggan air mage (Depths:5)
  A ghost crab (Swamp:4)
  2 anacondas
  2 spriggan berserkers
  A naga sharpshooter (Snake:4)
  A naga ritualist (Snake:4)
  A salamander (Snake:3)
  3 black mambas (Snake:4)
  A naga mage (Snake:4)
  A guardian serpent (Snake:4)
  A slime creature (Swamp:1)
  A spriggan (Depths:2)
  4 nagas (Snake:4)
  A big kobold (D:5)
  3 gnolls
  2 kobolds (D:5)
37 creatures vanquished.

Vanquished Creatures (others)
  An ironheart preserver (Vaults:4)
  A war gargoyle (Vaults:3)
  An ogre mage (Vaults:4)
  A deep elf knight (Vaults:1)
  A centaur zombie (D:14)
  2 dancing weapons (D:5)
  A yaktaur (Depths:4)
  A raiju (Abyss:3)
  A human (Lair:5)
  An ogre (Vaults:1)
  A small abomination (Abyss:1)
  An orc wizard (Orc:2)
  3 bushes
  36 fungi
  43 plants
  3 starspawn tentacles
98 creatures vanquished.

Grand Total: 1986 creatures vanquished

Notes
Turn   | Place    | Note
-------+----------+-------------------------------------------
     0 | D:1      | Mesh the Spriggan Enchanter began the quest for the Orb.
     0 | D:1      | Reached XP level 1. HP: 9/9 MP: 5/5
   228 | D:1      | Reached XP level 2. HP: 6/13 MP: 5/7
   232 | D:1      | Learned a level 2 spell: Ensorcelled Hibernation
  1036 | D:1      | Reached XP level 3. HP: 16/16 MP: 9/9
  1044 | D:1      | Learned a level 3 spell: Confuse
  1048 | D:1      | Learned a level 3 spell: Tukima's Dance
  1354 | D:2      | Found a runed door.
  1358 | D:2      | Noticed Crazy Yiuf
  1373 | D:2      | Killed Crazy Yiuf
  1543 | D:2      | Noticed Jessica
  1778 | D:2      | Killed Jessica
  1778 | D:2      | Reached skill level 5 in Hexes
  1778 | D:2      | Reached XP level 4. HP: 17/21 MP: 1/11
  1917 | D:2      | Learned a level 3 spell: Dazzling Spray
  2449 | D:2      | Noticed Robin
  2463 | D:1      | Killed Robin
  2601 | D:2      | Reached XP level 5. HP: 24/24 MP: 9/13
  2908 | D:3      | Reached skill level 5 in Stealth
  3128 | D:3      | Found a hide-covered altar of Uskayaw.
  3433 | D:3      | Found an opulent altar of Gozag.
  3766 | D:4      | Found a burning altar of Makhleb.
  3769 | D:4      | Noticed a balrug
  4057 | D:4      | Reached skill level 6 in Stealth
  4367 | D:5      | Entered Level 5 of the Dungeon
  4385 | D:5      | Found a shattered altar of Ashenzari.
  4431 | D:4      | Reached skill level 7 in Stealth
  4461 | D:4      | Found a glowing silver altar of Zin.
  4461 | D:4      | Noticed an angel
  4725 | D:5      | Noticed an ogre
  4742 | D:5      | Killed an ogre
  4742 | D:5      | Reached skill level 8 in Stealth
  4742 | D:5      | Reached XP level 6. HP: 10/28 MP: 4/14
  5335 | D:5      | Reached skill level 9 in Stealth
  5576 | D:5      | Reached XP level 7. HP: 32/32 MP: 8/15
  5872 | D:5      | Reached skill level 10 in Stealth
  6325 | D:5      | Reached skill level 11 in Stealth
  6572 | D:5      | Found a stormy altar of Qazlal.
  6572 | D:5      | Found a shimmering altar of Xom.
  6916 | D:6      | Found a staircase to the Ecumenical Temple.
  6926 | Temple   | Entered the Ecumenical Temple
  6940 | Temple   | Became a worshipper of Dithmenos the Shadowed
  7136 | D:6      | Reached skill level 12 in Stealth
  7447 | D:6      | Found a radiant altar of Vehumet.
  7465 | D:6      | Reached XP level 8. HP: 21/36 MP: 16/16
  7729 | D:6      | Reached skill level 13 in Stealth
  8025 | D:6      | Found a hazy altar of Hepliaklqana.
  8340 | D:7      | Found an ornate altar of the Wu Jian Council.
  8394 | D:7      | Reached skill level 14 in Stealth
  8400 | D:7      | Reached * piety under Dithmenos
  9038 | D:7      | Reached skill level 15 in Stealth
  9064 | D:7      | Reached skill level 5 in Spellcasting
  9146 | D:7      | Found an iron altar of Okawaru.
  9146 | D:7      | Found a bloodstained altar of Trog.
  9332 | D:7      | Reached XP level 9. HP: 35/40 MP: 17/17
  9421 | D:8      | Reached skill level 1 in Fighting
 10407 | D:8      | Found a snail-covered altar of Cheibriados.
 10729 | D:8      | Noticed a death yak
 10730 | D:8      | Noticed a death yak
 10733 | D:8      | Found a staircase to the Lair.
 10736 | D:8      | Noticed a death yak
 10740 | D:8      | Killed a death yak
 10740 | D:8      | Reached skill level 5 in Dodging
 10754 | D:8      | Killed a death yak
 10754 | D:8      | Reached skill level 16 in Stealth
 10756 | D:8      | Killed a death yak
 10756 | D:8      | Reached XP level 10. HP: 49/49 MP: 19/21
 10766 | D:8      | Reached ** piety under Dithmenos
 10910 | D:8      | Noticed a two-headed ogre
 10922 | D:8      | Killed a two-headed ogre
 11332 | D:9      | Reached skill level 5 in Short Blades
 12223 | D:10     | Entered Level 10 of the Dungeon
 12415 | D:10     | Found a portal to a secret trove of treasure.
 12425 | D:10     | Reached *** piety under Dithmenos
 12922 | D:10     | Noticed a two-headed ogre
 12933 | D:10     | Killed a two-headed ogre
 12933 | D:10     | Reached XP level 11. HP: 53/53 MP: 22/24
 13072 | D:10     | Noticed Grum
 13078 | D:10     | Killed Grum
 13427 | D:10     | Found a staircase to the Orcish Mines.
 13706 | D:11     | Noticed a two-headed ogre
 13714 | D:11     | Killed a two-headed ogre
 13864 | D:11     | Reached skill level 17 in Stealth
 14063 | D:11     | Noticed a six-headed hydra
 14082 | D:11     | Killed a six-headed hydra
 14505 | D:11     | Gained mutation: You have sharp toenails. [potion of
                  | mutation]
 14505 | D:11     | Gained mutation: You are agile. (Dex +2) [potion of
                  | mutation]
 14509 | D:11     | Noticed a purple ugly thing
 14511 | D:11     | Killed a purple ugly thing
 14683 | D:11     | Found Henwi Mupt's Magic Scroll Shoppe.
 14694 | D:11     | Bought a scroll of fear for 35 gold pieces
 14694 | D:11     | Bought a scroll of blinking for 75 gold pieces
 14694 | D:11     | Bought a scroll of summoning for 95 gold pieces
 14715 | D:11     | Noticed a red ugly thing
 14722 | D:11     | Killed a red ugly thing
 14722 | D:11     | Reached skill level 5 in Fighting
 14902 | D:12     | Reached **** piety under Dithmenos
 14909 | D:12     | Noticed a cyan ugly thing
 14974 | D:12     | Killed a cyan ugly thing
 14982 | D:12     | Noticed a skeletal warrior
 14982 | D:12     | Noticed a skeletal warrior
 14985 | D:12     | Noticed a skeletal warrior
 15328 | D:12     | Noticed Fannar
 15335 | D:12     | Killed Fannar
 15335 | D:12     | Reached skill level 10 in Dodging
 15335 | D:12     | Reached XP level 12. HP: 60/60 MP: 21/26
 15485 | D:12     | Noticed a two-headed ogre
 15492 | D:12     | Killed a two-headed ogre
 15507 | D:12     | Found an opulent altar of Gozag.
 15511 | D:12     | Noticed a two-headed ogre
 15536 | D:12     | Killed a two-headed ogre
 15754 | D:12     | Reached skill level 10 in Hexes
 16706 | D:13     | Reached skill level 18 in Stealth
 16706 | D:13     | Reached skill level 10 in Spellcasting
 17158 | D:13     | Found Nodeir's General Store.
 17600 | D:13     | Noticed a centaur warrior
 17647 | D:13     | Killed a centaur warrior
 17942 | D:13     | Noticed a vault guard
 17942 | D:13     | Noticed a vault guard
 17967 | D:13     | Killed a vault guard
 17967 | D:13     | Reached XP level 13. HP: 65/65 MP: 24/28
 18575 | D:13     | Reached ***** piety under Dithmenos
 19009 | D:13     | Found a gate to the Vaults.
 19254 | D:13     | Found Nodeir's General Store.
 19371 | D:13     | Found a gate to the Vaults.
 19768 | D:14     | Found a snail-covered altar of Cheibriados.
 19897 | D:14     | Reached skill level 19 in Stealth
 20036 | D:14     | Noticed Frances
 20044 | D:14     | Killed Frances
 20254 | D:14     | Noticed Louise
 20256 | D:14     | Found a labyrinth entrance.
 20283 | Lab      | Entered a labyrinth
 20911 | Lab      | Noticed a minotaur
 20914 | Lab      | Killed a minotaur
 20982 | D:14     | Killed Louise
 21664 | Lair:1   | Entered Level 1 of the Lair of Beasts
 21998 | Lair:1   | Reached skill level 10 in Short Blades
 22107 | Lair:1   | Reached XP level 14. HP: 72/72 MP: 24/30
 22230 | Lair:1   | Noticed Harold
 22234 | Lair:1   | Killed Harold
 23874 | Lair:2   | Found a staircase to the Snake Pit.
 23972 | Lair:2   | Found a staircase to the Swamp.
 24211 | D:10     | You paid a toll of 11 potions of heal wounds to enter a
                  | treasure trove
 24212 | Trove    | Entered a treasure trove
 24232 | Trove    | Found the +8 whip "Snakebite" {curare, rPois}
 24334 | Trove    | Got a faintly humming robe
 24352 | Trove    | Got a twisted hat
 24377 | Trove    | Got a twitching amber ring
 24391 | Trove    | Got a scintillating platinum ring
 24398 | Trove    | Got a fine marble ring
 24487 | D:10     | Identified the cursed +0 robe "Inluvvex" {SInv} (You found
                  | it in a treasure trove)
 24497 | D:10     | Identified the +1 hat of Biawiun {rElec Regen+} (You found
                  | it in a treasure trove)
 24563 | D:10     | Identified the ring of Filuc {*Contam rElec rF- rN+ MR+++}
                  | (You found it in a treasure trove)
 24587 | D:10     | Gained mutation: Your magical capacity is low. (-10% MP)
                  | [mutagenic glow]
 25150 | D:10     | Lost mutation: You are agile. (Dex +2) [potion of mutation]
 25150 | D:10     | Lost mutation: Your magical capacity is low. (-10% MP)
                  | [potion of mutation]
 25150 | D:10     | Lost mutation: You have sharp toenails. [potion of
                  | mutation]
 25150 | D:10     | Gained mutation: Your mind is acute. (Int +2) [potion of
                  | mutation]
 25150 | D:10     | Gained mutation: You are partially covered in rugged brown
                  | scales. (AC +1, +3% HP) [potion of mutation]
 25151 | D:10     | Identified the ring "Trusted Companion" {rPois rF+ rC+
                  | Dex-5 Slay+3} (You found it in a treasure trove)
 25154 | D:10     | Identified the ring "Cafo Lee" {Fire *Slow rPois Int+2
                  | Slay+3} (You found it in a treasure trove)
 25652 | Lair:3   | Noticed Urug
 25659 | Lair:3   | Killed Urug
 25958 | Lair:3   | Noticed Gastronok
 25967 | Lair:3   | Killed Gastronok
 26390 | Lair:4   | Upgraded the game from 0.23-a0-265-g9c2c487a97 to
                  | 0.23-a0-270-gab6feb3dfb
 27225 | Lair:4   | Identified the +1 robe "Piehepy" {rF+++ rC+ Str-4 Slay-5}
                  | (You found it on level 4 of the Lair of Beasts)
 27556 | Lair:5   | Found a staircase to the Slime Pits.
 27561 | Lair:5   | Reached skill level 20 in Stealth
 27564 | Lair:5   | Noticed Kirke
 27588 | Lair:5   | Killed Kirke
 27976 | Lair:5   | Reached XP level 15. HP: 80/80 MP: 29/32
 28490 | Lair:5   | Reached XP level 16. HP: 84/84 MP: 33/33
 28544 | Lair:6   | Entered Level 6 of the Lair of Beasts
 30226 | Lair:6   | Noticed Rupert
 30257 | Lair:6   | Killed Rupert
 30602 | Orc:1    | Entered Level 1 of the Orcish Mines
 30672 | Orc:2    | Entered Level 2 of the Orcish Mines
 30882 | Orc:1    | Found a roughly hewn altar of Beogh.
 31016 | Orc:1    | Reached ****** piety under Dithmenos
 31836 | Orc:2    | Found a staircase to the Elven Halls.
 33102 | Orc:2    | Found Uwuibrof's Armour Shop.
 33102 | Orc:2    | Found Tifupsoi's Gadget Emporium.
 33112 | Orc:2    | Found Boalleul's Armour Shop.
 33112 | Orc:2    | Found Niaruc's Magic Scroll Emporium.
 33141 | Orc:2    | Bought a scroll of magic mapping for 49 gold pieces
 33149 | Orc:2    | Bought a scroll of identify for 28 gold pieces
 33149 | Orc:2    | Bought a scroll of teleportation for 42 gold pieces
 33149 | Orc:2    | Bought 3 scrolls of enchant weapon for 315 gold pieces
 33149 | Orc:2    | Bought a scroll of identify for 28 gold pieces
 33149 | Orc:2    | Bought a scroll of identify for 28 gold pieces
 33149 | Orc:2    | Bought a scroll of identify for 28 gold pieces
 33149 | Orc:2    | Bought a scroll of identify for 28 gold pieces
 33149 | Orc:2    | Bought a scroll of teleportation for 42 gold pieces
 33149 | Orc:2    | Bought a scroll of identify for 28 gold pieces
 33149 | Orc:2    | Bought 2 scrolls of teleportation for 84 gold pieces
 33149 | Orc:2    | Bought a scroll of identify for 28 gold pieces
 33244 | Orc:2    | Found a roughly hewn altar of Beogh.
 33393 | Elf:1    | Entered Level 1 of the Elven Halls
 33496 | Elf:1    | Reached skill level 15 in Dodging
 33764 | D:15     | Entered Level 15 of the Dungeon
 33831 | D:15     | Reached skill level 15 in Hexes
 34841 | D:15     | Found a staircase to the Depths.
 35088 | Depths:1 | Entered Level 1 of the Depths
 35103 | Depths:1 | Learned a level 5 spell: Summon Mana Viper
 35183 | Depths:1 | Reached XP level 17. HP: 90/90 MP: 18/35
 35434 | Depths:1 | Reached skill level 21 in Stealth
 35642 | Depths:1 | Noticed a titan
 35645 | Depths:1 | Killed a titan
 35697 | Depths:1 | Found a one-way gate to the infinite horrors of the Abyss.
 35859 | Depths:1 | Found a gateway to Hell.
 36284 | Depths:2 | Noticed a golden dragon
 36303 | Depths:2 | Killed a golden dragon
 36635 | Depths:2 | Noticed a caustic shrike
 36752 | Depths:2 | Noticed a lich
 37075 | Snake:1  | Entered Level 1 of the Snake Pit
 37351 | Snake:1  | Noticed Roxanne
 37522 | Snake:1  | Found a sparkling altar of Nemelex Xobeh.
 37809 | Snake:1  | Found a large runed door.
 37810 | Snake:1  | Found a large runed door.
 37813 | Snake:1  | Noticed P0WERM0DE's ghost (journeyman DDFi)
 37820 | Snake:1  | Killed P0WERM0DE's ghost
 38376 | Snake:2  | Reached skill level 10 in Fighting
 38886 | Snake:2  | Found a runed door.
 39091 | Snake:2  | Noticed P0WERM0DE's ghost (journeyman MiCK)
 39320 | Snake:3  | Found Qoalugopn's Gadget Boutique.
 39340 | Snake:3  | Found Lush's Antique Armour Shoppe.
 39348 | Snake:3  | Bought a heavy robe for 108 gold pieces
 39349 | Snake:3  | Found Boxtunke's Assorted Antiques.
 39366 | Snake:3  | Bought a hardcover book for 420 gold pieces
 39719 | Snake:2  | Identified the cursed +0 robe of Kayduaq {rCorr} (You
                  | bought it in a shop on level 3 of the Snake Pit)
 39738 | Snake:3  | Found a runed door.
 39739 | Snake:3  | Noticed Xaanotaja's ghost (journeyman DDFi)
 39744 | Snake:3  | Killed Xaanotaja's ghost
 39861 | Snake:3  | Reached XP level 18. HP: 96/96 MP: 27/37
 39976 | Snake:3  | Bought a wand of clouds (4) for 384 gold pieces
 40256 | Snake:3  | Found Mumel's Assorted Antiques.
 40627 | Snake:4  | Entered Level 4 of the Snake Pit
 40632 | Snake:4  | Found Qaitsa Icwio's Antique Weapon Boutique.
 40634 | Snake:4  | Found Mekkesak's Gadget Shop.
 40636 | Snake:4  | Found Bithrock's Book Boutique.
 41109 | Swamp:1  | Entered Level 1 of the Swamp
 43174 | Swamp:1  | Noticed a tentacled monstrosity
 43212 | Swamp:1  | Killed a tentacled monstrosity
 43212 | Swamp:1  | Reached skill level 22 in Stealth
 44855 | Swamp:3  | Reached skill level 15 in Spellcasting
 45161 | Swamp:4  | Entered Level 4 of the Swamp
 45349 | Swamp:4  | Noticed a tentacled monstrosity
 45416 | Swamp:4  | Killed a tentacled monstrosity
 46876 | Swamp:4  | Noticed the 27-headed Lernaean hydra
 46892 | Swamp:4  | Killed the 27-headed Lernaean hydra
 46901 | Swamp:4  | Got a decaying rune of Zot
 48393 | Vaults:1 | Entered Level 1 of the Vaults
 48468 | Vaults:1 | Reached XP level 19. HP: 56/101 MP: 39/39
 49878 | Vaults:1 | Found Silotus's Gadget Shoppe.
 50412 | Vaults:1 | Reached skill level 23 in Stealth
 51476 | Vaults:2 | Found Pongo's Jewellery Shop.
 52089 | Vaults:2 | Reached XP level 20. HP: 109/109 MP: 7/41
 53579 | Vaults:3 | Reached skill level 24 in Stealth
 54001 | Vaults:3 | Noticed Mara
 54006 | Vaults:3 | Killed Mara
 54035 | Vaults:3 | Found a staircase to the Crypt.
 54163 | Vaults:3 | Noticed Asterion
 54165 | Vaults:3 | Killed Asterion
 55910 | Elf:1    | Found Sez Wiecs's Weapon Shop.
 57064 | Elf:1    | Reached skill level 25 in Stealth
 57393 | Elf:2    | Found a huge runed gate.
 57393 | Elf:2    | Found a huge runed gate.
 57394 | Elf:2    | Found a huge runed gate.
 57395 | Elf:2    | Found a huge runed gate.
 57400 | Elf:2    | Found a huge runed gate.
 57453 | Elf:2    | Learned a level 4 spell: Cause Fear
 57853 | Elf:2    | Reached XP level 21. HP: 117/117 MP: 44/44
 58540 | Elf:3    | Entered Level 3 of the Elven Halls
 58553 | Elf:3    | Found Zuetrar's Distillery.
 58599 | Elf:3    | Found Cocy's Armour Boutique.
 58601 | Elf:3    | Found a large runed door.
 58602 | Elf:3    | Found a large runed door.
 58604 | Elf:3    | Noticed grizmgrazm2's ghost (adept OgTm)
 58622 | Elf:3    | Found Bifi Ruc's Armour Boutique.
 58822 | Elf:3    | Found Etugh's Magic Scroll Boutique.
 58822 | Elf:3    | Found Goevisea's Antique Weapon Boutique.
 58826 | Elf:3    | Found Raogh's Jewellery Boutique.
 58857 | Elf:3    | Bought a scroll of enchant armour for 150 gold pieces
 58857 | Elf:3    | Bought a scroll of magic mapping for 70 gold pieces
 58857 | Elf:3    | Bought a scroll of magic mapping for 70 gold pieces
 58972 | Elf:3    | Found Toddiy's Food Boutique.
 59276 | Elf:3    | Killed grizmgrazm2's ghost
 61807 | Vaults:4 | Found Utor's Food Shop.
 62447 | Snake:4  | Noticed Vashnia
 62616 | Snake:4  | Killed Vashnia
 63843 | Snake:4  | Found a runed gate.
 63843 | Snake:4  | Found a runed gate.
 63843 | Snake:4  | Found a runed gate.
 63889 | Snake:4  | Reached skill level 15 in Fighting
 64966 | Snake:4  | Reached XP level 22. HP: 81/125 MP: 41/47
 65922 | Snake:4  | Got a serpentine rune of Zot
 67292 | Depths:2 | Killed a caustic shrike
 69349 | Depths:3 | Noticed a caustic shrike
 69352 | Depths:3 | Killed a caustic shrike
 69401 | Depths:3 | Found a one-way gate leading to the halls of Pandemonium.
 69616 | Depths:2 | Found the +7 sceptre of Torment
 71477 | Depths:4 | Found a gateway to a ziggurat.
 72295 | Depths:4 | Reached XP level 23. HP: 68/133 MP: 27/50
 74049 | Depths:5 | Entered Level 5 of the Depths
 74610 | Depths:5 | Got a translucent iron ring
 74611 | Depths:5 | Identified the ring of the Mackerel {Fire Str+3} (You found
                  | it on level 5 of the Depths)
 76021 | Depths:5 | Found a runed door.
 76469 | Depths:5 | Found a runed door.
 76474 | Depths:5 | Found a runed door.
 76854 | Depths:5 | Found a runed door.
 76924 | Depths:5 | Found a gate to the Realm of Zot.
 77336 | Depths:5 | Found a runed door.
 77362 | Depths:5 | Found a runed door.
 77675 | Depths:4 | Voluntarily entered the Abyss.
 78099 | Abyss:1  | Found a corrupted altar of Lugonu.
 78487 | Abyss:2  | Found a stormy altar of Qazlal.
 78836 | Abyss:3  | Got an abyssal rune of Zot
 79009 | Depths:4 | Escaped the Abyss
 79111 | Zot:1    | Entered Level 1 of the Realm of Zot
 79134 | Zot:1    | Reached skill level 1 in Invocations
 79157 | Zot:1    | Noticed an orb of fire
 79167 | Zot:1    | Killed an orb of fire
 79178 | Zot:1    | Reached skill level 5 in Invocations
 79445 | Zot:3    | Reached XP level 24. HP: 141/141 MP: 49/52
 79466 | Zot:4    | Got a crude wooden ring
 79467 | Zot:4    | Identified the ring "Pyedwyit" {+Fly MP+9 Str-3 Dex+3
                  | Stlth-} (You found it on level 4 of the Realm of Zot)
 79937 | Zot:5    | Entered Level 5 of the Realm of Zot
 80267 | Zot:5    | Noticed an ancient lich
 80282 | Zot:5    | Killed an ancient lich
 80378 | Zot:5    | Found the +7 Spriggan's Knife {stab, EV+4 Stlth+}
 80838 | Zot:5    | HP: 5/141 [Orb Guardian (41)]
 81191 | Zot:5    | Noticed an ancient lich
 81256 | Zot:5    | Got the Orb of Zot
 81263 | Zot:5    | HP: 2/141 [Orb Guardian (18)]
 81263 | Zot:5    | Mangled by an Orb Guardian

Vault maps used:
D:1:      evilmike_arrival_plus, minmay_tetromino_s2
D:2:      nrook_uturn, kennysheep_nondescript, uniq_crazy_yiuf_cottage,
          uniq_jessica, uniq_robin
D:3:      eat_drink_and_be_merry_uskayaw, lemuel_coloured_pillars_altar
D:4:      minmay_diamond_boxcup, grunt_temple_overflow_order_and_chaos_2,
          first_ration
D:5:      cheibrodos_thug_alley, ashenzari_altar_1,
          gammafunk_temple_overflow_wave
D:6:      vehumet_altar_wand_db, lemuel_doored_altar, minmay_temple_entry_grid,
          due_unseen_surprise
D:7:      grunt_temple_overflow_bloody_war, old_standard_altar
D:8:      slow_altar_1, dpeg_lair_monsters
D:10:     david_orc_4, enter_trove_3, grunt_ogre_cave, uniq_grum
D:11:     serial_shops, nicolae_shop_temple_entry_statues_fountains,
          kennysheep_generic_room_9
D:12:     basic_altar, serial_bayou_pond_c, uniq_fannar
D:13:     minmay_triangles_in_corner, grunt_vaults_entry_tiered, serial_shops,
          kennysheep_mini_moat, grunt_decor_cap, kennysheep_just_a_vault
D:14:     cheibriados_altar_1, lab_entry_generic, uniq_frances, uniq_louise
D:15:     gammafunk_enter_depths_forms, spider_trap, fountainhead
Temple:   corrupted_temple
Lair:1:   minmay_lair_oklob_chamber, uniq_harold
Lair:2:   nicolae_swamp_entry_splash_gauntlet, guppyfry_snake_entry_garden,
          grunt_forest_large_clearings
Lair:3:   st_stairs_8, infiniplex_staircase_pool_2, uniq_gastronok, uniq_urug
Lair:4:   st_stairs_12
Lair:5:   minmay_slime_entry_jelly_boxes, special_room, lemuel_fruit_tree,
          lemuel_fruit_fields, uniq_kirke
Lair:6:   grunt_lair_end_beastmaster, st_stairs_3, eino_house_with_fridge,
          uniq_rupert
Swamp:1:  cheibrodos_swamp_monstrosity, evilmike_swamp_ruin_house_4
Swamp:2:  hangedman_swamp_diagram
Swamp:3:  evilmike_swamp_ruin_rubble_2
Swamp:4:  grunt_swamp_rune_castle, nicolae_swamp_round_clearing, swamp_pool1,
          grunt_lady_of_the_lake
Snake:1:  ebering_ghost_disaster_area, basic_altar, uniq_roxanne
Snake:2:  ebering_ghost_inner_flame, nicolae_snake_linked_coils,
          serial_bayou_lagoon_b
Snake:3:  ebering_ghost_reflecting_pool, serial_shops,
          nicolae_shop_window_shopping,
          nicolae_shop_temple_entry_statues_fountains, shop,
          nicolae_shop_competitors_out_of_business, grunt_megastairs_3
Snake:4:  minmay_snake_end_coiled, grunt_ministairs_12, st_stairs_13,
          nicolae_snake_horde_hoard, minmay_shop_star, uniq_vashnia
Orc:1:    basic_altar
Orc:2:    grunt_orc_tribal_feast, lemuel_statue_altar
Elf:1:    eino_elf_arrival_customs, serial_shops, nicolae_shop_statue_plus,
          hangedman_elven_crosses_minicolossus
Elf:3:    minmay_elf_hall_golems, ebering_ghost_disaster_area, serial_shops,
          shop_fountains, shop, shop, minmay_shop_grid_forest
Vaults:1: hangedman_vaults_river_flow, dpeg_vaults_monster_row,
          hangedman_vaults_hat, vaults_room_stairs_pillars,
          nicolae_vaults_asterisk, v_alt_pattern_6, vaults_dpeg_hooks,
          nicolae_vaults_circle_grid_b, vaults_room_boxed,
          ontoclasm_vaults_gateway, hangedman_vaults_capsules,
          nicolae_vaults_c_with_doors, vaults_dpeg_encased_lava, serial_shops,
          shop
Vaults:2: v_misc_23, v_misc_26, v_misc_27, nicolae_vaults_little_squares_6,
          nicolae_vaults_diagonal_hallway_8, nicolae_vaults_angled_halls,
          v_misc_33, vaults_mumra_hexcomb, ontoclasm_vaults_ligature,
          ontoclasm_vaults_fault, grunt_vaults_funnel,
          nicolae_vaults_border_crossing, serial_shops, nicolae_shop_stone
Vaults:3: nicolae_vaults_gold_heap, minmay_crypt_entry_simple_walls,
          nicolae_vaults_network_s, hangedman_vaults_slice, st_hourglassy,
          nicolae_vaults_little_ls, vaults_room_fours, uniq_mara, uniq_asterion
Vaults:4: nicolae_vaults_diagonal_hallway_6, hangedman_vaults_snaps, v_misc_28,
          nicolae_vaults_stairing_the_circle, vaults_mumra_chevron_long,
          ontoclasm_vaults_tryst, v_misc_25, v_misc_27, vaults_standard_mumra_x,
          ontoclasm_vaults_idyll, ontoclasm_vaults_spin, grunt_vaults_focal,
          serial_shops, nicolae_shop_trees
Depths:1: grunt_mini_vestibule, abyss_entry_crystal, solitary_fountain,
          lightli_minifort
Depths:2: hangedman_arch_fort, minmay_misc_feat_hallway,
          pf_hell_entry_tar_spiral, firewood_loft
Depths:3: minmay_textured_paths, rand_demon_pan_entry_5, roderic_lattice_a,
          hell_entry, infiniplex_staircase_spiral_double, serial_bayou_shore_b
Depths:4: minmay_the_grid_four_pointed_star_mashed, enter_ziggurat_a,
          hell_entry, serial_sigils, serial_sigils_hangedman_leer,
          serial_sigils_hangedman_carve, serial_sigils_hangedman_shear,
          serial_sigils_hangedman_snap, abyss_entry_small_statue_room
Depths:5: evilmike_zot_entry_castle, hangedman_decor_riveting,
          pf_vacation_house_of_asmodeus
Zot:1:    ebering_ghost_rock_garden, grunt_megastairs_2
Zot:2:    zot_minivault_1
Zot:3:    kennysheep_ambush_hall
Zot:5:    st_stairs_6, uniq_tiamat
Abyss:2:  hangedman_abyss_river_spirits
Abyss:3:  grunt_abyss_rune_forest_and_sorcery
Lab:      labyrinth_hidden_loot, nicolae_lab_grate_2
Trove:    trove_dig

Skill      XL: |  1  2  3  4  5  6  7  8  9 10 11 12 13 14 15 16 17 18 19 20 21 22 23 24 |
---------------+-------------------------------------------------------------------------+-----
Spellcasting   | 3 4 5 6 8 9 10 11 12 13 14 15 16 18 20 22 24 | 24.0
Hexes          | 4 5 7 8 9 10 12 13 15 16 18 19 | 19.0
Stealth        | 8 9 12 15 16 17 18 19 20 21 22 23 25 | 25.0
Fighting       | 3 4 5 6 7 8 9 10 11 13 15 16 17 | 17.9
Short Blades   | 4 5 7 8 10 11 12 13 14 | 14.0
Dodging        | 6 8 10 11 12 14 15 16 17 18 | 18.0
Evocations     | 7 8 |  8.0
Invocations    | 5 8 |  8.9

Action                   |  1- 3 |  4- 6 |  7- 9 | 10-12 | 13-15 | 16-18 | 19-21 | 22-24 || total
-------------------------+-------+-------+-------+-------+-------+-------+-------+-------++-------
Melee: Dagger            |    57 |    49 |       |       |       |       |       |       ||   106
       Short sword       |       |   147 |   230 |   388 |   662 |       |       |       ||  1427
       Kick              |       |       |       |    65 |   148 |       |       |       ||   213
       Quick blade       |       |       |       |       |   458 |  1668 |  1530 |  1498 ||  5154
       Rapier            |       |       |       |       |       |     7 |       |       ||     7
Throw: Throwing net      |       |       |       |       |       |     2 |       |       ||     2
 Cast: Corona            |     7 |       |       |       |       |       |       |       ||     7
       Ensorcelled Hiber |    20 |    25 |    39 |   103 |   104 |   193 |    32 |    16 ||   532
       Confuse           |     2 |     1 |    15 |    35 |    23 |   113 |    92 |   111 ||   392
       Dazzling Spray    |       |     5 |     7 |    13 |    13 |    98 |    88 |    47 ||   271
       Tukima's Dance    |       |     2 |     3 |     4 |     1 |       |     2 |       ||    12
       Summon Mana Viper |       |       |       |       |       |    25 |    11 |    68 ||   104
Invok: Shadow Step       |       |       |       |     1 |     4 |    13 |    11 |    11 ||    40
       Shadow Form       |       |       |       |       |       |       |       |     1 ||     1
 Abil: Evoke Invisibilit |       |       |       |       |       |       |    21 |    26 ||    47
Evoke: Wand              |       |       |     4 |     5 |    47 |    12 |    15 |       ||    83
       Fan of gales      |       |       |       |     1 |       |       |       |       ||     1
       Lamp of fire      |       |       |       |       |       |     1 |       |       ||     1
  Use: Scroll            |     2 |    12 |     6 |     7 |    11 |    20 |     2 |    25 ||    85
       Potion            |     1 |       |     1 |     3 |     9 |    10 |    10 |    16 ||    50
 Stab: Sleeping          |    15 |    25 |    43 |    98 |   119 |   191 |   193 |    64 ||   748
       Confused          |     1 |     1 |     5 |    27 |    23 |    92 |    67 |    77 ||   293
       Invisible         |       |     1 |     7 |    21 |     4 |    47 |   172 |   150 ||   402
       Distracted        |       |       |     1 |     1 |     2 |     5 |    10 |    27 ||    46
       Held in net/web   |       |       |       |       |       |     2 |       |       ||     2
       Petrifying        |       |       |       |       |       |     1 |       |       ||     1
       Petrified         |       |       |       |       |       |     1 |       |       ||     1
  Eat: Ration            |       |     3 |     6 |     4 |     5 |    13 |    15 |    15 ||    61
Armor: Robe              |     8 |    21 |    13 |     8 |    27 |    89 |    56 |    68 ||   290
       Animal skin       |       |       |       |     2 |       |       |       |       ||     2
       Skin              |       |       |       |       |    11 |       |       |       ||    11
Dodge: Dodged            |    36 |   183 |   197 |   255 |   702 |  1023 |   942 |   841 ||  4179

Table legend:
 A = Non-vault XP
 B = Vault XP
 C = Vault XP percentage of total XP
 D = Non-vault monster count
 E = Vault monster count
 F = Vault count percentage of total count
                 A         B        C        D         E       F
            +---------+---------+-------+---------+---------+-------
      Total |  501594 |  467023 |  48.2 |    1184 |     706 |  37.4
            +---------+---------+-------+---------+---------+-------
        D:1 |      46 |      21 |  31.3 |      16 |       5 |  23.8
        D:2 |      43 |      98 |  69.5 |      17 |      12 |  41.4
        D:3 |      40 |       0 |   0.0 |      19 |       0 |   0.0
        D:4 |      49 |      47 |  49.0 |       3 |       6 |  66.7
        D:5 |     543 |     171 |  23.9 |      15 |      10 |  40.0
        D:6 |     688 |       2 |   0.3 |      14 |       1 |   6.7
        D:7 |    1088 |      15 |   1.4 |      30 |       1 |   3.2
        D:8 |    2109 |    3137 |  59.8 |      25 |      12 |  32.4
        D:9 |    1453 |       0 |   0.0 |      23 |       0 |   0.0
       D:10 |    1928 |    1382 |  41.8 |      24 |      19 |  44.2
       D:11 |    5146 |     471 |   8.4 |      23 |       1 |   4.2
       D:12 |    8551 |     997 |  10.4 |      31 |       1 |   3.1
       D:13 |    6720 |   15414 |  69.6 |      34 |      42 |  55.3
       D:14 |    5232 |    4045 |  43.6 |      23 |       2 |   8.0
       D:15 |   11347 |    4093 |  26.5 |      44 |      12 |  21.4
     Temple |      42 |       0 |   0.0 |       2 |       0 |   0.0
     Lair:1 |    3957 |    1625 |  29.1 |      15 |       3 |  16.7
     Lair:2 |    5294 |    4177 |  44.1 |      21 |      33 |  61.1
     Lair:3 |    6731 |    3024 |  31.0 |      28 |       3 |   9.7
     Lair:4 |    7279 |     193 |   2.6 |      27 |       1 |   3.6
     Lair:5 |    4026 |    8303 |  67.3 |      16 |      40 |  71.4
     Lair:6 |   12187 |   13444 |  52.5 |      29 |      33 |  53.2
    Swamp:1 |   19881 |    2372 |  10.7 |      42 |       1 |   2.3
    Swamp:2 |    4885 |       0 |   0.0 |      21 |       0 |   0.0
    Swamp:3 |   11604 |       0 |   0.0 |      28 |       0 |   0.0
    Swamp:4 |   17785 |   20572 |  53.6 |      25 |      33 |  56.9
    Snake:1 |    8183 |    1281 |  13.5 |      15 |       1 |   6.2
    Snake:2 |   17259 |       0 |   0.0 |      38 |       0 |   0.0
    Snake:3 |   10300 |    8028 |  43.8 |      20 |      13 |  39.4
    Snake:4 |   31366 |   36151 |  53.5 |      62 |      69 |  52.7
      Orc:1 |    4892 |       0 |   0.0 |      34 |       0 |   0.0
      Orc:2 |    2193 |    7318 |  76.9 |      13 |      29 |  69.0
      Elf:1 |   23473 |   13334 |  36.2 |      37 |      20 |  35.1
      Elf:2 |    7916 |   25588 |  76.4 |      15 |      30 |  66.7
      Elf:3 |   14323 |    3887 |  21.3 |      22 |       1 |   4.3
   Vaults:1 |   32270 |   36530 |  53.1 |      58 |      51 |  46.8
   Vaults:2 |   13547 |   26157 |  65.9 |      42 |      30 |  41.7
   Vaults:3 |   20930 |   25980 |  55.4 |      36 |      26 |  41.9
   Vaults:4 |    6697 |   32365 |  82.9 |      11 |      48 |  81.4
   Depths:1 |   12114 |    6174 |  33.8 |      16 |       6 |  27.3
   Depths:2 |   20415 |   31155 |  60.4 |      33 |      20 |  37.7
   Depths:3 |   24401 |   20588 |  45.8 |      30 |      14 |  31.8
   Depths:4 |   37168 |   34528 |  48.2 |      43 |      24 |  35.8
   Depths:5 |   32330 |   46209 |  58.8 |      33 |      32 |  49.2
      Zot:1 |    9438 |   12203 |  56.4 |       2 |       8 |  80.0
      Zot:2 |    3640 |       0 |   0.0 |       2 |       0 |   0.0
      Zot:3 |    3037 |       0 |   0.0 |       2 |       0 |   0.0
      Zot:4 |    2162 |       0 |   0.0 |       1 |       0 |   0.0
      Zot:5 |   21059 |    7221 |  25.5 |      13 |       2 |  13.3
    Abyss:1 |    1657 |       0 |   0.0 |       3 |       0 |   0.0
    Abyss:2 |     728 |       0 |   0.0 |       4 |       0 |   0.0
    Abyss:3 |    1442 |    7049 |  83.0 |       4 |       9 |  69.2
        Lab |       0 |    1674 | 100.0 |       0 |       2 | 100.0
            +---------+---------+-------+---------+---------+-------
